 Dungeon Crawl Stone Soup version 0.29-a0-870-g2c972031a6 (webtiles) character file.

Game seed: 4578709710180221430

2461 ytrimaz the Cleaver (level 9, -2/71 HPs)
             Began as a Formicid Gladiator on July 17, 2022.
             Was an Initiate of Gozag.
             Slain by an orc knight
             ... wielding a +0 war axe
              (19 damage)
             ... in a bailey.
             The game lasted 00:07:29 (6756 turns).

ytrimaz the Cleaver (Formicid Gladiator)            Turns: 6756, Time: 00:07:29

Health: -2/71      AC:  6    Str: 23    XL:     9   Next: 79%
Magic:  9/9        EV: 13    Int: 14    God:    Gozag
Gold:   914        SH:  0    Dex: 24    Spells: 8/8 levels left

rFire   + . .      SeeInvis +   m - +9 broad axe of Hiofou Zudekh {flame, *Corrode rPois Int+6 Dex+9}
rCold   + + .      Faith    .   (no shield)
rNeg    . . .      Spirit   .   t - +1 leather armour of Numuirr {rF+ rC+}
rPois   +          Reflect  .   (helmet unavailable)
rElec   .          Harm     .   (no cloak)
rCorr   +          Rampage  .   (no gloves)
Will    .....                   f - +1 pair of boots
Stlth   ++........              (no amulet)
HPRegen 0.21/turn               l - ring of protection from cold
MPRegen 0.11/turn               p - ring of resist corrosion

@: gold aura, invisible
A: permanent stasis, dig shafts and tunnels, antennae 3, four strong arms
a: Dig, Renounce Religion, Potion Petition, Call Merchant, Bribe Branch


You were in a bailey.
You worshipped Gozag.
Gozag was pleased with you.
You visited 1 branch of the dungeon, and saw 7 of its levels.
You also visited: Bailey.

You collected 965 gold pieces.
You paid 51 gold pieces to Gozag.

Inventory:

Hand Weapons
 a - a +0 war axe
 m - the +9 broad axe of Hiofou Zudekh (weapon) {flame, *Corrode rPois Int+6 Dex+9}
   (You acquired it on level 2 of the Dungeon)

   It burns those it strikes, dealing additional fire damage.
   Big, fiery blades are also staple armaments of hydra-hunters.
   Int:       It affects your intelligence (+6).
   Dex:       It affects your dexterity (+9).
   rPois:     It protects you from poison.
   *Corrode:  It may corrode you when you take damage.
Missiles
 c - 3 throwing nets (quivered)
 d - a javelin
Armour
 b - a +0 leather armour
 f - a +1 pair of boots (worn)
 t - the +1 leather armour of Numuirr (worn) {rF+ rC+}
   (You found it on level 3 of the Dungeon)

   rF:        It protects you from fire.
   rC:        It protects you from cold.
Jewellery
 l - a ring of protection from cold (left hand)
 p - a ring of resist corrosion (right hand)
 A - a ring of wizardry
Wands
 j - a wand of roots (4)
 v - a wand of flame (17)
 y - a wand of polymorph (5)
Scrolls
 k - 2 scrolls of torment
 q - a scroll of enchant armour
 r - a scroll of fog
 w - 2 scrolls of poison
Potions
 g - 2 potions of flight
 h - 5 potions of curing
 i - a potion of heal wounds {unknown}
 n - a potion of haste {unknown}
 o - 2 potions of might {unknown}
 s - 2 potions of lignification
 x - a potion of attraction {unknown}
 z - a potion of cancellation {unknown}


   Skills:
 + Level 6.8 Fighting
 + Level 11.4 Axes
 - Level 2.0 Throwing
 - Level 2.6 Dodging


You had 8 spell levels left.
You didn't know any spells.
Your spell library contained the following spells:

 Spells                   Type           Power      Damage    Failure   Level
 Freeze                   Ice            0%         1d3       32%         1
 Frozen Ramparts          Ice            0%         1d2       69%         3
 Lesser Beckoning         Tloc           0%         N/A       69%         3
 Ozocubu's Armour         Ice            0%         N/A       69%         3
 Portal Projectile        Hex/Tloc       0%         N/A       69%         3
 Tukima's Dance           Hex            0%         N/A       69%         3
 Hailstorm                Conj/Ice       0%         3d3       97%         4
 Blade Hands              Tmut           0%         N/A       100%        5
 Manifold Assault         Tloc           0%         N/A       100%        5
 Metabolic Englaciation   Hex/Ice        0%         N/A       100%        5
 Blink                    Tloc           Unusable   N/A       N/A         2
 Simulacrum               Ice/Necr       Unusable   N/A       N/A         6

Dungeon Overview and Level Annotations

Branches:
Dungeon (7/15)             Temple (0/1) D:6          Bailey (1/1)

Altars:
Fedhas
Gozag
Okawaru
Ru
Sif Muna
Uskayaw
Xom
Yredelemnul
The Shining One

Shops:
D:2 !

Annotations:
D:5 1 runed translucent door


Innate Abilities, Weirdness & Mutations

You cannot be hasted, slowed, berserked, paralysed or teleported.
You can dig through walls and to a lower floor.
You have a pair of large antennae on your head. (SInv)
Your four strong arms can wield two-handed weapons with a shield.


Message History

You completely miss the orc.
You hear a shout!
Your orc priest mumbles some strange prayers to Beogh against the orc knight.
The orc knight is smitten.
The orc misses you.
The orc knight roars a battlecry!
The orcs go into a battle-frenzy!
Your gnoll hits the orc knight from afar with a +0 spear.
The orc is no longer distracted by gold.
The orc hits you with a +0 hand axe. The orc closely misses your gnoll.
The orc knight hits you with a +0 war axe!
Your gnoll barely misses the orc knight.
Unknown command.
You hit the orc knight. You burn the orc knight.
The orc knight is moderately wounded.
You slash the orc! You burn the orc.
You kill the orc!
The orc knight is distracted by your dazzling golden aura.
Your gnoll barely misses the orc warrior.
Your gnoll hits the orc knight but does no damage.
The orc knight is no longer distracted by gold.
You barely miss the orc knight.
The orc knight is moderately wounded.
Your orc priest mumbles some strange prayers to Beogh against the orc knight.
The orc knight is smitten.
The orc knight hits you with a +0 war axe!!
* * * LOW HITPOINT WARNING * * *
The orc knight closely misses your gnoll.
The orc warrior hits your gnoll with a +0 hand axe!!
Your gnoll dies!
Your gnoll's corpse dissolves into shadows!
Your gnoll hits the orc knight from afar with a +0 spear.
Unknown command.
You fade into invisibility!
The orc warrior hits your gnoll with a +0 hand axe!
Your gnoll dies!
Your gnoll's corpse dissolves into shadows!
The orc barely misses you. The orc barely misses your gnoll.
The orc knight hits you with a +0 war axe!!
You die...
Your body crumbles into a pile of gold.

..#≈:?8..o8!:≈#...##.♣
#≈.........≈#'###..♣♣
#≈..8...8..≈#.≈≈≈...♣
##.........##.≈$≈...♣♣
#.≈≈≈...∩♣ #$o≈≈...♣♣
#ogo≈...♣ ##'###..♣♣
#@oo.##.♣ #.o...##♣
#g.....# ....8...#
.........# {
.........# ...8..8..##
#.......##


You could see an orc knight (unable to see you, ally target), an orc warrior
(strong, unable to see you), an orc (strong, unable to see you), a friendly orc
warrior (summoned), a friendly orc priest (summoned), 2 friendly gnolls and a
friendly orc (summoned).

Vanquished Creatures
  Pikel (D:7)
  Joseph (D:7)
  A steam dragon (D:7)
  Menkaure (D:7)
  A black bear (D:5)
  An ogre (D:6)
  2 centaurs
  2 lemures (D:7)
  A bullfrog (D:6)
  A necrophage (D:7)
  A scorpion (D:6)
  5 wights (D:7)
  A gnoll bouda (D:7)
  2 orc priests (D:4)
  3 hounds (D:5)
  Natasha (thrice) (D:4)
  5 iguanas
  3 orc wizards
  11 adders
  4 gnolls
  3 white imps
  3 worms
  5 dart slugs
  23 orcs
  3 bats
  5 endoplasms
  5 giant cockroaches
  8 hobgoblins
  A jackal (D:4)
  2 quokkas (D:2)
  8 ball pythons
  3 frilled lizards
  11 goblins
  13 kobolds
  7 rats
150 creatures vanquished.

Notes
Turn   | Place    | Note
-------+----------+-------------------------------------------
     0 | D:1      | ytrimaz the Formicid Gladiator began the quest for the Orb.
     0 | D:1      | Reached XP level 1. HP: 16/16 MP: 1/1
   242 | D:1      | Reached XP level 2. HP: 19/23 MP: 2/2
   593 | D:1      | Found a faded altar of an unknown god.
   831 | D:2      | Reached skill level 4 in Axes
   831 | D:2      | Reached XP level 3. HP: 5/28 MP: 3/3
  1126 | D:2      | Reached XP level 4. HP: 19/34 MP: 4/4
  1715 | D:2      | Found Houvi's Distillery.
  2039 | D:2      | Identified a scroll of acquirement
  2090 | D:3      | Acquired the +9 broad axe of Hiofou Zudekh {flame, *Corrode
                  | rPois Int+6 Dex+9}
  2132 | D:3      | Reached XP level 5. HP: 41/41 MP: 5/5
  2150 | D:3      | Reached skill level 5 in Axes
  2344 | D:3      | Noticed a centaur
  2353 | D:3      | Killed a centaur
  2671 | D:3      | Found a shimmering altar of Xom.
  2721 | D:3      | Found an opulent altar of Gozag.
  2749 | D:3      | Found an iron altar of Okawaru.
  2751 | D:3      | Reached XP level 6. HP: 47/47 MP: 6/6
  2842 | D:3      | Identified the +1 leather armour of Numuirr {rF+ rC+}
  2919 | D:3      | Became a worshipper of Gozag Ym Sagoz the Greedy
  3444 | D:4      | Reached skill level 6 in Axes
  3453 | D:4      | Noticed Natasha
  3459 | D:4      | Killed Natasha
  3471 | D:4      | Found a glowing golden altar of the Shining One.
  3607 | D:4      | Found a hide-covered altar of Uskayaw.
  3918 | D:4      | Reached XP level 7. HP: 49/54 MP: 7/7
  3967 | D:4      | Noticed Natasha
  3970 | D:4      | Killed Natasha
  3991 | D:4      | Noticed Natasha
  3996 | D:4      | Killed Natasha
  4333 | D:5      | Entered Level 5 of the Dungeon
  4341 | D:5      | Reached skill level 7 in Axes
  5019 | D:5      | Noticed a human
  5020 | D:5      | Found a runed translucent door.
  5026 | D:5      | Found a basalt altar of Yredelemnul.
  5220 | D:6      | Reached skill level 8 in Axes
  5220 | D:6      | Reached XP level 8. HP: 39/61 MP: 8/8
  5444 | D:6      | Reached skill level 5 in Fighting
  5682 | D:6      | Found a blossoming altar of Fedhas.
  6103 | D:6      | Found a staircase to the Ecumenical Temple.
  6205 | D:7      | Reached skill level 9 in Axes
  6260 | D:7      | Noticed Pikel
  6271 | D:7      | Killed Pikel
  6272 | D:7      | Reached skill level 10 in Axes
  6272 | D:7      | Reached XP level 9. HP: 61/69 MP: 9/9
  6317 | D:7      | Found a sacrificial altar of Ru.
  6357 | D:7      | Noticed Joseph
  6379 | D:7      | Killed Joseph
  6380 | D:7      | Reached skill level 11 in Axes
  6387 | D:7      | Found a shimmering blue altar of Sif Muna.
  6487 | D:7      | Noticed Menkaure
  6493 | D:7      | Killed Menkaure
  6520 | D:7      | Found a flagged portal.
  6676 | Bailey   | Entered a bailey
  6719 | Bailey   | Noticed an orc warlord
  6747 | Bailey   | Noticed an orc knight
  6756 | Bailey   | Slain by an orc knight

Illustrated notes

Levels and vault maps discovered:
D:1:      ebering_trefoil_3fold, layout_basic,
          shapermc_ecumenical_altar_notcrosses
D:2:      layout_basic, serial_shops, shop
D:3:      layout_basic, lemuel_tele_altar, lemuel_round_altar,
          grunt_gozag_breadcrumbs
D:4:      kennysheep_six_static_rooms, layout_loops_ring,
          mainiacjoe_overflow_boulevard, tso_metal_star, uniq_natasha
D:5:      layout_loops_corners, dk_yredelemnul_ordeal
D:6:      layout_loops_ring, mainiacjoe_overflow_catwalk,
          minmay_temple_entry_enclosed_plants, chequers_serial_rivers_room_b
D:7:      layout_basic, mainiacjoe_overflow_six_doors_small,
          nicolae_ru_great_annihilating_truth, serial_shops,
          nicolae_shop_advertising_works [nicolae_subvault_shop_adworks],
          enter_bailey_3, nrook_mini_backslash, uniq_menkaure, uniq_joseph,
          uniq_pikel
Bailey:   bailey_axe_bossmonster_kennysheep, bailey

Skill      XL: |  1  2  3  4  5  6  7  8  9 |
---------------+----------------------------+-----
Axes           | 4 5 6 8 10 11 | 11.4
Fighting       | 3 4 6 |  6.8
Throwing       | |  2.0
Dodging        | |  2.6

Action                   |  1- 3 |  4- 6 |  7- 9 || total
-------------------------+-------+-------+-------++-------
Melee: War axe           |    63 |    51 |       ||   114
       Punch             |     1 |     2 |     1 ||     4
       Broad axe         |       |    56 |   115 ||   171
 Abil: Dig               |     1 |       |       ||     1
  Use: Scroll            |     3 |     8 |     6 ||    17
       Potion            |       |       |     4 ||     4
 Stab: Sleeping          |     1 |     5 |     2 ||     8
       Distracted        |       |       |     2 ||     2
       Invisible         |       |       |     2 ||     2
       Paralysed         |       |       |     1 ||     1
Armor: Leather armour    |    37 |    51 |    36 ||   124
Dodge: Dodged            |    78 |    96 |    70 ||   244

Table legend: (Time is in decaauts)
 A = Elapsed time spent in this place.
 B = Non-inter-level travel time spent in this place.
 C = Inter-level travel time spent in this place.
 D = Time resting spent in this place.
 E = Time spent auto-exploring this place.
 F = Levels seen in this place.
 G = Mean time per level.
                   A        B        C        D        E       F      G
               +--------+--------+--------+--------+--------+-----+--------+
         Total |   6825 |   6671 |    154 |    435 |   4883 |   8 |  853.1 |
       Dungeon |   6742 |   6588 |    154 |    402 |   4883 |   7 |  963.1 |
        Bailey |     82 |     82 |      0 |     33 |      0 |   1 |   82.0 |
               +--------+--------+--------+--------+--------+-----+--------+

Top non-repeatable levels by time:
     D:2: 1277 daAuts
     D:3: 1268 daAuts
     D:4: 1010 daAuts
     D:6: 985 daAuts
     D:5: 864 daAuts
     D:1: 827 daAuts
     D:7: 508 daAuts
  Bailey: 82 daAuts
